 Dungeon Crawl Stone Soup version 0.28.0-45-g0d030f2227 (webtiles) character file.

Game seed: 13617952906734444473

46 Descartes the Grasshopper (level 3, -1/16 HPs)
             Began as a Felid Warper on Apr 7, 2022.
             Was a Follower of Okawaru.
             Slain by a goblin
             ... wielding a +0 club
             ... led by Robin
              (5 damage)
             ... on level 4 of the Dungeon.
             The game lasted 00:05:39 (4609 turns).

Descartes the Grasshopper (Felid Warper)            Turns: 4609, Time: 00:05:40

Health: -1/16      AC:  1    Str:  7 (9)  XL:     3   Next: 46%
Magic:  16/16      EV: 18    Int: 12 (14) God:    Okawaru [*.....]
Gold:   100        SH:  0    Dex: 13 (15) Spells: 6/6 levels left
                                        Lives:  0   Deaths: 1

rFire   . . .      SeeInvis +     - Unarmed
rCold   . . .      Faith    .   (shield unavailable)
rNeg    . . .      Spirit   .   (armour unavailable)
rPois   .          Reflect  .   (helmet unavailable)
rElec   .          Harm     .   (cloak unavailable)
rCorr   .          Rampage  .   (gloves unavailable)
Will    .....                   (boots unavailable)
Stlth   ++........              (no amulet)
HPRegen 0.05/turn               h - ring of magical power
MPRegen 0.15/turn               (no ring)

@: quick
A: very small, claws 1, fangs 3, see invisible, speed 1, shaggy fur 1, stealthy
paws, no weapons or thrown items, no armour, multi-lived
a: Renounce Religion, Heroism


You were on level 4 of the Dungeon.
You worshipped Okawaru.
Okawaru was aware of your devotion.
You visited 1 branch of the dungeon, and saw 4 of its levels.

You collected 100 gold pieces.

Inventory:

Jewellery
 h - a ring of magical power (left paw)
 j - an amulet of faith
 k - an amulet of reflection
Scrolls
 a - a scroll of blinking
 b - a scroll of magic mapping {unknown}
 c - 2 scrolls of immolation
 f - a scroll of identify
 m - a scroll of teleportation
Potions
 e - a potion of heal wounds {unknown}
 i - a potion of flight {unknown}
 n - a potion of curing


   Skills:
 - Level 2.0 Fighting
 + Level 4.2 Dodging
 + Level 2.9 Stealth
 + Level 2.8 Unarmed Combat
 - Level 2.0 Spellcasting
 + Level 5.4 Translocations


You had 6 spell levels left.
You didn't know any spells.
Your spell library contained the following spells:

 Spells                   Type           Power      Damage    Failure   Level
 Blink                    Tloc           28%        N/A       4%          2
 Gell's Gravitas          Tloc           14%        N/A       9%          3
 Lesser Beckoning         Tloc           14%        N/A       9%          3
 Teleport Other           Tloc           14%        N/A       9%          3
 Manifold Assault         Tloc           14%        N/A       63%         5


Dungeon Overview and Level Annotations

Branches:
Dungeon (4/15)
 Temple: D:4-7

Altars:
Dithmenos
Okawaru
Qazlal

Annotations:
D:4 Robin


Innate Abilities, Weirdness & Mutations

You have sharp claws.
You have razor-sharp teeth.
You have supernaturally acute eyesight. (SInv)
You cover ground quickly. (Speed+)
You are covered in fur. (AC +1)
Your paws help you pounce on unaware monsters.
You are incapable of wielding weapons or throwing items.
You cannot wear armour.
You gain extra lives every three experience levels.


Message History

The hobgoblin misses you.
It was a potion of curing.
You feel better.
The hound pauses to sniff the ground.
The hound completely misses you.
The jelly hits the plant.
The plant is splashed with acid.
The acid corrodes the plant!
The jackal bites the plant.
The goblin misses you.
The jackal bites the plant.
The jackal closely misses you. The goblin misses you. The hound bites you.
The hobgoblin barely misses you.
As you read the scroll labelled EKLU QAILLO, it crumbles to dust.
It is a scroll of enchant weapon.
You aren't carrying any weapons that can be enchanted.
The jackal bites the plant.
The plant begins to die.
The jackal bites the plant.
The jackal completely misses you.
The jelly hits the plant.
The plant is splashed with acid.
The plant seems to be corroded for longer.
The goblin completely misses you.
The endoplasm jiggles.
The endoplasm hits the plant.
The plant begins to die.
The hound closely misses you. The goblin barely misses you.
The goblin hits the plant with a +0 mace.
The plant begins to die.
The jackal bites the plant. x2
The jackal barely misses you. The hobgoblin misses you.
As you read the scroll labelled VEDDUR TUDWU, it crumbles to dust.
Wisps of shadow whirl around you...
The shadows disperse without effect.
It was a scroll of summoning.
A nearby plant withers and dies.
The hound completely misses you.
The jelly hits the plant.
The plant is splashed with acid!
The endoplasm hits the plant.
The jackal bites the plant.
The goblin hits you with a +0 club. The jackal misses you.
The goblin hits the plant with a +0 mace!
The hound stops to sniff the ground.
The hound completely misses you. The hobgoblin hits you.
* * * LOW HITPOINT WARNING * * *
It was a potion of degeneration.
There was something very wrong with that liquid.
You feel weakened.
You feel dopey.
You feel clumsy.
A nearby plant withers and dies. x2; The jackal closely misses you.
The goblin closely misses you.
The endoplasm hits the plant.
The hound barely misses you. The goblin hits you with a +0 club.
You die...

#...###S####.# #.
#g# #.#
##g####.####
#gK........#
#..g...g...#
#.#####K...#####
...#....g5gZ....#
........gggg#.....
#.......PJg@# _$..
######..PPhh# g .
.....PJS#
......P.h.
..........
......h.PPP
......hPPP
...........


You could see a hound (inner flame), a jelly (inner flame), an adder (inner
flame), an ufetubus (inner flame), an endoplasm, 4 jackals, 2 hobgoblins, 6
goblins and a kobold.

Vanquished Creatures
  An orc wizard (D:3)
  2 adders (D:3)
  2 dart slugs (D:1)
  4 orcs
  5 ball pythons
  2 bats
  6 endoplasms
  A giant cockroach (D:1)
  4 goblins
  A hobgoblin (D:2)
  4 jackals (D:3)
  6 kobolds
  3 quokkas
  3 frilled lizards (D:1)
  2 rats
46 creatures vanquished.

Vanquished Creatures (others)
  13 plants (D:4)
13 creatures vanquished.

Grand Total: 59 creatures vanquished

Notes
Turn   | Place    | Note
-------+----------+-------------------------------------------
     0 | D:1      | Descartes the Felid Warper began the quest for the Orb.
     0 | D:1      | Reached XP level 1. HP: 9/9 MP: 4/4
   258 | D:1      | Reached skill level 1 in Stealth
   266 | D:1      | Reached XP level 2. HP: 12/13 MP: 6/6
  1536 | D:2      | Reached XP level 3. HP: 16/16 MP: 7/7
  1614 | D:2      | Identified the +1 robe of Gravity {Str+5 Int-5 SInv}
  2399 | D:2      | Reached skill level 5 in Translocations
  3149 | D:3      | Reached XP level 4. HP: 4/19 MP: 8/8
  4512 | D:3      | Found a faded altar of an unknown god.
  4515 | D:3      | Found a stormy altar of Qazlal.
  4563 | D:3      | Prayed at the altar of an unknown god.
  4563 | D:3      | Became a worshipper of Warmaster Okawaru
  4563 | D:3      | Reached * piety under Okawaru
  4586 | D:4      | Found a shadowy altar of Dithmenos.
  4598 | D:4      | Noticed Robin
  4600 | D:4      | Succumbed to an adder's poison
  4601 | D:4      | Reached XP level 3. HP: 0/16 MP: 16/16
  4609 | D:4      | Slain by a goblin

Illustrated notes

Levels and vault maps discovered:
D:1:      dpeg_arrival_orchard, layout_rooms
D:2:      layout_basic, minmay_misc_feat_roman
D:3:      layout_loops_ring, nicolae_overflow_ecumenical_swirl
D:4:      layout_loops_ring, mainiacjoe_overflow_chevrons, uniq_robin, uniq_ijyb

Skill      XL: |  1  2  3 |
---------------+----------+-----
Stealth        | 1 2 |  2.9
Translocations | 5 |  5.4
Dodging        | 4 |  4.2
Fighting       | |  2.0
Unarmed Combat | |  2.8
Spellcasting   | |  2.0

Action                   |  1- 3 |  4- 6 || total
-------------------------+-------+-------++-------
Melee: Unarmed           |   119 |    65 ||   184
       Bite              |    12 |     9 ||    21
  Use: Scroll            |     4 |       ||     4
       Potion            |     2 |       ||     2
 Stab: Sleeping          |     6 |       ||     6
Armor: Skin              |     8 |     2 ||    10
Dodge: Dodged            |    89 |    58 ||   147
